 Dungeon Crawl Stone Soup version 0.26-a0-652-gafc20e3620 (webtiles) character file.

Game seed: 11402352284694574874

28 Descartes the Conjurer (level 3, -1/20 HPs)
             Began as a Deep Elf Wanderer on Oct 3, 2020.
             Slain by an orc wizard
             ... wielding a +0 dagger
              (4 damage)
             ... on level 1 of the Dungeon.
             The game lasted 00:03:46 (1274 turns).

Descartes the Conjurer (Deep Elf Wanderer)          Turns: 1274, Time: 00:03:46

Health: -1/20      AC:  2    Str:  8    XL:     3   Next: 0%
Magic:  3/8        EV: 12    Int: 16    God:
Gold:   149        SH:  0    Dex: 16    Spells: 5/6 levels left

rFire    . . .     SeeInvis .   a - +0 dagger
rCold    . . .     Faith    .   (no shield)
rNeg     . . .     Spirit   .   d - +0 robe
rPois    .         Reflect  .   (no helmet)
rElec    .         Harm     .   (no cloak)
rCorr    .         Rampage  .   (no gloves)
MR       .....                  (no boots)
Stlth    ++........             (no amulet)
HPRegen  0.06/turn              (no ring)
MPRegen  0.11/turn              (no ring)

@: no status effects
A: no striking features
a: no special abilities


You were on level 1 of the Dungeon.
You visited 1 branch of the dungeon, and saw 2 of its levels.

You collected 149 gold pieces.

Inventory:

Hand Weapons
 a - a +0 dagger (weapon)
Missiles
 k - 26 arrows
 l - 35 stones (quivered)
Armour
 d - a +0 robe (worn)
Jewellery
 h - an uncursed amulet of the acrobat {unknown}
Scrolls
 b - 3 scrolls of remove curse {unknown}
 c - 4 scrolls of teleportation
 f - 2 scrolls of magic mapping {unknown}
 g - 3 scrolls of identify {unknown}
Potions
 e - a potion of curing {unknown}
 i - a potion of invisibility {unknown}
 j - a potion of magic {unknown}


   Skills:
 - Level 1.5 Fighting
   Level 1.3 Bows
 - Level 1.0 Throwing
 + Level 1.1 Dodging
 + Level 2.0 Stealth
 * Level 2.1 Spellcasting
 + Level 4.6 Conjurations
   Level 1.1 Earth Magic


You had 5 spell levels left.
You knew the following spells:

 Your Spells              Type           Power        Failure   Level
a - Magic Dart            Conj           ###.         3%          1

Your spell library contained the following spells:

 Spells                   Type           Power        Failure   Level
 Conjure Flame            Conj/Fire      #.......     24%         3
 Blink                    Tloc           N/A          30%         2
 Call Imp                 Summ           #.......     30%         2
 Corpse Rot               Necr/Air       N/A          30%         2
 Poisonous Vapours        Pois/Air       #.....       30%         2
 Slow                     Hex            #.......     30%         2
 Mephitic Cloud           Conj/Pois/Air  #.......     32%         3


Dungeon Overview and Level Annotations

Branches:
Dungeon (2/15)

Altars:
Okawaru
Uskayaw

Annotations:
D:2 Terence


Message History

The orc wizard is almost dead.
The orc wizard barely misses you.
You closely miss the orc wizard.
The orc wizard is almost dead.
The orc wizard hits you but does no damage.
You barely miss the orc wizard.
The orc wizard is almost dead.
The orc wizard hits you with a +0 dagger.
* * * LOW HITPOINT WARNING * * *
You hit the orc wizard but do no damage.
The orc wizard is almost dead.
The orc wizard hits you with a +0 dagger.
* * * LOW HITPOINT WARNING * * *
You hit the orc wizard but do no damage.
The orc wizard is almost dead.
The orc wizard looks braver for a moment.
You barely miss the orc wizard.
The orc wizard is almost dead.
The orc wizard hits you with a +0 dagger.
You die...

.# #.........##.#####.#.###.###
.# ###......##..# #.#.#.....# .#
###......##.######.#.#.###.# ##
#........##.#......#...# #..
######.###....##.#.####.###.###.#
#......# #.........####.# #......
#.####.###..............# #######
............####o######## #
..####.#.##.# #@# #.# #.#.##.#
#.# #.####.#.##.# #.#
#.#.......#.# #.#
#...........####.#
#.....).......##.#
#..............).#
#...............##
##...####.....#)#


You could see an orc wizard.

Vanquished Creatures
  2 dart slugs
  4 leopard geckos
  A giant cockroach (D:2)
  2 goblins (D:1)
  4 hobgoblins (D:1)
  A kobold (D:2)
  A ball python (D:2)
  2 bats (D:2)
  2 frilled lizards
19 creatures vanquished.

Notes
Turn   | Place    | Note
-------+----------+-------------------------------------------
     0 | D:1      | Descartes the Deep Elf Wanderer began the quest for the
                  | Orb.
     0 | D:1      | Descartes set off with the following items: a +0 dagger, a
                  | scroll of teleportation, a +0 robe; and the following spell
                  | memorised: Magic Dart; and the following spells available
                  | to memorise: Conjure Flame, Blink, Call Imp, Corpse Rot,
                  | Poisonous Vapours, Slow, Mephitic Cloud
     0 | D:1      | Reached XP level 1. HP: 12/12 MP: 3/3
   206 | D:1      | Reached skill level 1 in Spellcasting
   280 | D:1      | Reached XP level 2. HP: 12/16 MP: 0/6
   884 | D:2      | Reached skill level 1 in Dodging
   941 | D:2      | Noticed Terence
  1122 | D:2      | Noticed a +0 hand axe
  1122 | D:2      | Noticed a +0 hand axe
  1143 | D:2      | Found a hide-covered altar of Uskayaw.
  1224 | D:2      | Found an iron altar of Okawaru.
  1230 | D:2      | Reached XP level 3. HP: 20/20 MP: 6/8
  1274 | D:1      | Slain by an orc wizard

Illustrated notes

Levels and vault maps discovered:
D:1:      evilmike_arrival_crescent, layout_loops_ring
D:2:      minmay_wonky_spiral, layout_loops_cross, dancing_weapons_uskayaw,
          old_standard_altar, okawaru_metal_pillars_1_2,
          uniq_crazy_yiuf_cottage, uniq_jessica, uniq_terence

Skill      XL: |  1  2 |
---------------+-------+-----
Spellcasting   | 1 2 |  2.1
Dodging        | 1 |  1.1
Stealth        | 2 |  2.0
Fighting       | |  1.5
Bows           | |  1.3
Throwing       | |  1.0
Conjurations   | |  4.6
Earth Magic    | |  1.1

Action                   || total
-------------------------++-------
Melee: Dagger            ||     8
 Cast: Magic Dart        ||    58
Armor: Robe              ||     1
Dodge: Dodged            ||     8

Table legend: (Time is in decaauts)
 A = Elapsed time spent in this place.
 B = Non-inter-level travel time spent in this place.
 C = Inter-level travel time spent in this place.
 D = Time resting spent in this place.
 E = Time spent auto-exploring this place.
 F = Levels seen in this place.
 G = Mean time per level.
                   A        B        C        D        E       F      G
               +--------+--------+--------+--------+--------+-----+--------+
         Total |   1276 |   1202 |     74 |      0 |   1034 |   2 |  638.0 |
       Dungeon |   1276 |   1202 |     74 |      0 |   1034 |   2 |  638.0 |
               +--------+--------+--------+--------+--------+-----+--------+

Top non-repeatable levels by time:
     D:1: 981 daAuts
     D:2: 295 daAuts
